AoeStats
← Lieutenant Dan

Glade

510436365Analyzed
1v1 RM · 2d ago on Oct 1, 2026· 55m 1s· 2 players
Game mode
Random Map
Map size
Tiny (2 player)
Population
200
Speed
Normal
Resources
Standard
Victory
Conquest
Starting age
Dark Age
Ending age
Imperial Age
RankedLock teamsTeams togetherTeam positionsShared explorationLock speedFull tech treeHidden civsTurbo modeCheats
Victory
Defeat
🇨🇦 Saxons · Canada
954
+14
🇺🇸 Maya · United States
912
-14
Rival_MG
8:14 Loom
10:47 Feudal Age
12:19 Double-Bit Axe
13:53 Fletching
15:46 Wheelbarrow
19:26 Castle Age
18:03 Padded Archer Armor
18:05 Horse Collar
20:45 Bow Saw
20:37 Heavy Plow
20:27 Crossbowman
21:31 Bodkin Arrow
23:53 Scale Mail Armor
24:35 Gold Mining
24:24 Eagle Warrior
25:05 Squires
25:32 Chain Mail Armor
29:44 Stone Mining
31:36 Forging
31:55 Murder Holes
32:33 Ballistics
31:54 Treadmill Crane
32:27 Masonry
36:31 Imperial Age
36:14 Arson
36:50 Hand Cart
39:32 Two-Man Saw
39:03 Crop Rotation
39:49 Elite Plumed Archer
40:50 Conscription
41:08 Elite Eagle Warrior
42:57 Bracer
43:13 Leather Archer Armor
43:36 Fervor
43:51 Sanctity
44:35 Elite Plumed Archer
47:57 Theocracy
48:29 Ring Archer Armor
49:04 Chemistry
48:35 Architecture
49:07 Conscription
49:04 Onager
51:02 Block Printing
54:55 Elite Skirmisher
Lieutenant Dan
9:43 Loom
11:32 Feudal Age
16:37 Castle Age
14:35 Double-Bit Axe
15:04 Stone Mining
15:43 Fletching
17:48 Bodkin Arrow
18:48 Wheelbarrow
19:24 Wheelbarrow
18:53 Gold Mining
20:28 Bow Saw
26:18 Squires
26:07 Gambesons
27:12 Horse Collar
27:18 Man-at-Arms
28:12 Long Swordsman
29:05 Scale Mail Armor
29:39 Forging
31:38 Arson
35:10 Imperial Age
34:11 Hand Cart
34:46 Iron Casting
34:47 Guard Tower
35:46 Padded Archer Armor
36:05 Chain Mail Armor
36:56 Shield Wall
37:54 Two-Handed Swordsman
39:25 Plate Mail Armor
40:03 Conscription
41:18 Champion
48:17 Scale Barding Armor
48:21 Light Cavalry
48:56 Elite Hearth Troop
50:34 Padded Archer Armor
50:20 Hussar
51:10 Bloodlines
51:22 Chain Barding Armor
51:23 Devotion
Connection lost

Rejoining the realm…

Still unreachable

The connection could not be restored.

Session expired

The server has moved on; the page needs a fresh start.